Unix NetHack Version 5.0.0-0 post-release - last build May 10 2026 23:12:36 (d1fa5d53e341ca933230fdaa984d921c805b60aa,branch:main).

Game began 2026-05-13 17:05:12, ended 2026-05-13 17:39:54.

DiePARTEI, neutral male gnomish Archeologist

              ---         ---               --
              |.           .                .|
              |.- ---------.      -------- ...
  --.--       |.| .|(((|..|.-------..|+..| ..|
  |...+     ##|.+..|./(|..|.|..@@.|..|...| ..|
  |.<.|      #-.---|%..||--.|:._@.|-||`%.|...|
  |....#######|....--|--....|.....|..--|--...|
  -----      #|.............|q....|..........|
              |...........{.-|-----.{.........
              |..............................|
              |...---|--+-...........---|-....
              |...|*..| .|---%-------|*..| ..|
              |...|%+(|..|..-.-.%!|  |(((| ..|
              |...|+?/|--|..|.|.%%|  |(.(|  ..
              |...-----  ----.-----  -----  .|
              |...          ..               |
              -----        ----

DiePARTEI the Field Worker  St:16 Dx:7 Co:14 In:10 Wi:15 Ch:10  Neutral
Dlvl:7  $:10 HP:0(51) Pw:24(24) AC:-2 Xp:5 T:2427  Burdened

Latest messages:
 Yecch!  This stuff tastes like poison.
 Your brain is on fire.
 What do you want to write with? [- agptvz or ?*] -
 You write in the dust with your fingertip.
 What do you want to write in the dust here? Elbereth
 It misses!
 What do you want to use or apply? [afgjsuBIO or ?*] I
 Improvise? [ynq] (q) y
 You start playing your horn.
 You produce a frightful, grave sound.
 You get released!
 Wait!  There's something there you can't see!
 What do you want to read? [H or ?*] H
 As you pronounce the formula on it, the scroll disappears.
 Your banded mail vibrates for a while.
 Wait!  There's something there you can't see!
 It gets angry!
 It hits!
 It misses!
 It bites!
 It misses!
 You have a forbidding feeling...
 You feel an unseen monster!
 You feel an unseen monster!
 It misses!
 You stop searching.
 It just misses!
 It misses!
 You can see again.
 The rothe hits!
 The rothe misses!
 The rothe misses!
 You lash the rothe!
 The rothe hits!
 The rothe misses!
 The rothe bites!
 What do you want to write with? [- agptvz or ?*] -
 You write in the dust with your fingertip.
 What do you want to write in the dust here? Elbereth
 The rothe turns to flee.
 The lizard turns to flee.
 The lizard turns to flee.
 The watchman swings her knife.
 The watchman hits!
 You die...
 Do you want your possessions identified? [ynq] (y) y
 Do you want to see your attributes? [ynq] (y) y
 Do you want an account of creatures vanquished? [ynaq] (y) y
 Do you want to see your conduct and achievements? [ynq] (y) y
 Do you want to see the dungeon overview? [ynq] (y) y

Inventory:
 Coins    ('$')
  $ - 10 gold pieces
 Amulets  ('"')
  N - an uncursed amulet of magical breathing (being worn)
 Weapons  (')')
  p - 3 +0 darts (at the ready)
  a - a +5 bullwhip (weapon in right hand)
 Armor    ('[')
  q - an uncursed +0 orcish helm (being worn)
  m - an uncursed +3 banded mail (being worn)
 Comestibles  ('%')
  d - 4 uncursed food rations
  y - an uncursed fortune cookie
 Potions  ('!')
  R - an uncursed potion of water
 Rings    ('=')
  z - a blessed +2 ring of protection (on left hand)
 Tools    ('(')
  s - an uncursed sack containing 1 item
  I - an uncursed tooled horn
  B - an uncursed blindfold
  u - an uncursed lock pick
  j - an uncursed mirror
  O - an uncursed skeleton key
  f - a tinning kit (0:90)
 Gems/Stones  ('*')
  t - an uncursed obsidian stone
  v - an uncursed luckstone
  g - an uncursed touchstone

Contents of the sack:
  a +0 pick-axe

DiePARTEI the Archeologist's attributes:

Background:
 You were a Field Worker, a level 5 male gnomish Archeologist.
 You were neutral, on a mission for Camaxtli
 who was opposed by Quetzalcoatl (lawful) and Huhetotl (chaotic).
 You were right-handed.
 You were in the Gnomish Mines, on level 7.
 You entered the dungeon 2427 turns ago.
 You had 189 experience points, 131 more were needed to attain level 6.

Basics:
 You had 0 out of 51 hit points.
 You had all 24 energy points (spell power).
 Your armor class was -2.
 Your wallet contained 10 zorkmids.
 Autopickup was off.

Final Characteristics:
 Your strength was 16 (limit:18/50).
 Your dexterity was 7 (limit:18).
 Your constitution was 14 (limit:18).
 Your intelligence was 10 (peak:15, limit:19).
 Your wisdom was 15 (limit:18).
 Your charisma was 10 (limit:18).

Final Status:
 You weren't hungry.
 You were burdened; movement was slightly slowed.
 You were wielding a whip.
 You had basic skill with whip.

Final Attributes:
 You were piously aligned.
 You had automatic searching.
 You had infravision.
 You were stealthy.
 You could survive without air.
 You had a small defense bonus (+2).
 You were guarded.
 Your spell casting was impaired by metallic armor.
 You were lucky.
 You had extra luck.
 Bad luck did not time out for you.
 Good luck did not time out for you.
 You are dead.

Miscellaneous:
 You didn't encounter any bones levels.
 Total elapsed playing time was 34 minutes and 41 seconds.

Major events:
 Turn
    1: DiePARTEI the neutral male gnomish Archeologist entered the dungeon
  779: attained the rank of Field Worker (level 3)
 1698: entered the Gnomish Mines
 1990: reached Mine Town
 2427: killed by a watchman

Spells:
 Name                 Level Category     Fail Retention
 magic missile          2   attack       100%  76%-100%

Skills:
 Fighting Skills
   bare handed combat [Unskilled]
   two weapon combat  [Unskilled]
   riding             [Unskilled]
 Weapon Skills
   dagger             [Unskilled]
   knife              [Unskilled]
   pick-axe           [Basic]
   short sword        [Unskilled]
   saber              [Unskilled]
   club               [Unskilled]
   quarterstaff       [Unskilled]
   sling              [Unskilled]
   dart               [Unskilled]
   boomerang          [Unskilled]
   whip               [Basic]
   unicorn horn       [Unskilled]
 Spellcasting Skills
   attack spells      [Unskilled]
   healing spells     [Unskilled]
   divination spells  [Unskilled]
   matter spells      [Unskilled]

Voluntary challenges:
 Character rerolling was not enabled.
 You never genocided any monsters.
 You never polymorphed an object.
 You never changed form.
 You used no wishes.
Achievements:
 You entered a shop.
 You attained the rank of Field Worker.
 You entered the Gnomish Mines.
 You entered Minetown.
 You entered a temple.

 The Dungeons of Doom: levels 1 to 4
    Level 1:
    Level 2:
       An armor shop, a fountain.
    Level 3:
       A general store, some fountains.
    Level 4:
       Stairs down to The Gnomish Mines.
 The Gnomish Mines: levels 5 to 7
    Level 5:
    Level 6:
    Level 7: <- You were here.
       Many shops, a temple and an altar, some fountains.
       Final resting place for
          you, killed by a watchman.


Vanquished creatures:
  a giant mimic
  a bugbear
  2 fog clouds
  a homunculus
  3 kobold shamans
  2 rothes
  4 orc zombies
 10 dwarf zombies
  2 iguanas
 an acid blob
  a hobbit
  a large kobold
  2 hobgoblins
  a cave spider
  a yellow mold
  3 gnomes
  4 gnome zombies
  2 geckos
  7 jackals
  a kobold
  2 goblins
  a sewer rat
  5 grid bugs
  5 lichens
  6 kobold zombies
  7 newts
76 creatures vanquished.

No species were genocided or became extinct.

Game over:
                       ----------
                      /          \
                     /    REST    \
                    /      IN      \
                   /     PEACE      \
                  /                  \
                  |    DiePARTEI     |
                  |      10 Au       |
                  |   killed by a    |
                  |     watchman     |
                  |                  |
                  |                  |
                  |       2026       |
                 *|     *  *  *      | *
        _________)/\\_//(\/(/\)/\//\/|_)_______

Goodbye DiePARTEI the Archeologist...

You died in The Gnomish Mines on dungeon level 7 with 1105 points,
and 10 pieces of gold, after 2427 moves.
You were level 5 with a maximum of 51 hit points when you died.

